Map: Ephemeron LE

Players

MarauDaD - Winner!

  • Race: Terran Terran
  • League: Gold
  • Spawn Location: 11:00

A.I. 1 (Easy)

  • Race: Protoss Protoss
  • Spawn Location: 5:00

VOD

Have the link to the VOD?

Description

Time

  • Played on: Oct. 9, 2019, 4:26 p.m.
  • Length: 3:56
Show
View Real Time Build Order
Export as new Build Order

MarauDaD Terran - Winner!

Build Orders:  

Get SALT Encoding   

  12  0:00  SCV  
  13  0:12  SCV  
  14  0:18  Supply Depot  
  14  0:25  SCV  
  15  0:41  Barracks  
  15  0:49  Barracks  
  15  0:55  Refinery  
  15  0:58  SCV  
  16  1:12  SCV  
  17  1:24  SCV  
  18  1:28  Marine  
  19  1:36  Orbital Command  
  19  1:43  Barracks Tech Lab  
  19  1:46  Supply Depot, Marine  
  20  2:02  SCV  
  20  2:03  Marauder, Concussive Shells  
  20  2:07  Marine  
  24  2:14  SCV  
  25  2:25  Supply Depot, Marine, Marauder  
  25  2:26  SCV  
  29  2:30  Refinery  
  29  2:39  SCV  
  30  2:44  Marine  
  30  2:46  Marauder  
  33  2:51  SCV  
  33  2:57  Factory  
  34  3:03  SCV  
  34  3:04  Marine  
  37  3:22  Marine  
  37  3:24  Marauder  
  38  3:48  Factory Tech Lab  
  38  3:52  Starport  
Show
View Real Time Build Order
Export as new Build Order

A.I. 1 (Easy) Protoss 

Build Orders:  

Get SALT Encoding   

  12  0:00  Probe  
  13  0:13  Probe  
  14  0:20  Pylon  
  14  0:25  Probe  
  15  0:34  Probe  
  16  0:44  Assimilator  
  16  0:50  Gateway  
  16  0:54  Pylon  
  16  1:15  Assimilator  
  16  1:30  Zealot  
  16  1:38  Cybernetics Core  
  18  2:05  Pylon  
  18  2:06  Probe  
  18  2:14  Probe  
  19  2:15  Stalker  
  22  2:22  Probe  
  23  2:35  Probe  
  24  2:47  Probe  
  24  2:49  Adept  
  27  2:59  Probe  
  28  3:19  Zealot  
  28  3:21  Pylon  
  28  3:33  Probe  
Tags
 
League
Gold
Matchup
PvT
Spawn Locations
Cross Positions
Add a new tag
Caveats
  • Supply blocks, unpowered buildings, or Contaminate may cause inaccurate times.
  • Supply counts are checked every 10 seconds.